 Dungeon Crawl Stone Soup version 0.22.1-1-ga44c0e5 (webtiles) character file.

216 harcile the Shield-Bearer (level 5, -3/47 HPs)
             Began as a Hill Orc Fighter on Oct 29, 2018.
             Slain by an orc wizard
             ... wielding a +0 dagger of electrocution
              (9 damage)
             ... on level 3 of the Dungeon.
             The game lasted 00:05:03 (2170 turns).

harcile the Shield-Bearer (Hill Orc Fighter)        Turns: 2170, Time: 00:05:04

Health: -3/47      AC:  7    Str: 20    XL:     5   Next: 93%
Magic:  5/5        EV:  7    Int:  8    God:
Gold:   107        SH:  9    Dex: 10    Spells: 4/4 levels left

rFire    . . .     SeeInvis .   a - +0 long sword
rCold    . . .     Gourm    .   c - +0 shield
rNeg     . . .     Faith    .   b - +0 scale mail
rPois    +         Spirit   .   (no helmet)
rElec    .         Reflect  .   (no cloak)
rCorr    .         Harm     .   (no gloves)
MR       .....                  (no boots)
Stlth    +.........             (no amulet)
HPRegen  0.15/turn              o - ring of poison resistance
MPRegen  0.09/turn              m - ring of stealth

@: no status effects
A: no striking features
a: no special abilities


You were on level 3 of the Dungeon.
You were near starving.

You visited 1 branch of the dungeon, and saw 3 of its levels.

You collected 107 gold pieces.

Inventory:

Hand Weapons
 a - a +0 long sword (weapon)
Armour
 b - a +0 scale mail (worn)
 c - a +0 shield (worn)
 s - a cursed -1 leather armour
Jewellery
 e - an uncursed ring of wizardry
 m - a ring of stealth (right hand)
 o - a ring of poison resistance (left hand)
Scrolls
 g - 2 scrolls of enchant weapon {unknown}
 h - 2 scrolls of identify {unknown}
 i - 2 scrolls of enchant armour {unknown}
 l - a scroll of immolation {unknown}
 n - a scroll of random uselessness {unknown}
 p - a scroll of remove curse {unknown}
Potions
 k - a potion of agility {unknown}
 q - a potion of haste {unknown}
Comestibles
 f - 6 rations


   Skills:
 + Level 4.3 Fighting
 + Level 4.4 Long Blades
 + Level 4.3 Armour
 + Level 4.6 Shields


You had 4 spell levels left.
You didn't know any spells.
Your spell library was empty.

Dungeon Overview and Level Annotations

Branches:
Dungeon (3/15)

Altars:


Message History

You miss something.
You hear some strange, mumbled words.
You are confused.
You miss something. Something hits you but does no damage.
Your shield and scale mail prevent you from hitting something.
Something hits you but does no damage.
You hear some strange, mumbled words.
You are more confused.
You closely miss something. Something hits you but does no damage.
Something hits you but does no damage. Something completely misses you.
You closely miss something. Something hits you.
Something hits you but does no damage.
You completely miss something. Something hits you.
You are electrocuted!
You're too confused to move!
Something hits you.
You are electrocuted!
* * * LOW HITPOINT WARNING * * *
It was a potion of magic.
Magic courses through your body.
You feel less confused. Something hits you but does no damage.
You are electrocuted!
You die...

#####....#########
....#....#.......#
....#....#.......#
...#....#.......#
K#....#.......#
#....#######.# ###
#....# #.# ... #...)#
#.# # #..{@#
#.####### #....#
#...#...# #....####
#<#.#.#.#
#.......####.#.#.#.##
#
##.###.......#.#.#...
# #. #######.#.#.###.
# #. #.#.#.# #. # #.
##.#.#.###. # #.
##.#..#.##..


You could see a kobold.

Vanquished Creatures
  2 orc priests (D:3)
  Jessica (D:2)
  An orc wizard (D:3)
  5 adders
  A worm (D:3)
  2 dart slugs
  9 orcs (D:3)
  A bat (D:3)
  A giant cockroach (D:3)
  4 goblins
  8 hobgoblins
  A ball python (D:2)
  2 frilled lizards (D:2)
  6 kobolds
  7 rats
51 creatures vanquished.

Notes
Turn   | Place    | Note
-------+----------+-------------------------------------------
     0 | D:1      | harcile the Hill Orc Fighter began the quest for the Orb.
     0 | D:1      | Reached XP level 1. HP: 19/19 MP: 1/1
   292 | D:1      | Reached XP level 2. HP: 21/27 MP: 2/2
   692 | D:2      | Reached XP level 3. HP: 21/33 MP: 3/3
   801 | D:2      | Noticed Jessica
   839 | D:2      | Killed Jessica
   839 | D:2      | Reached XP level 4. HP: 22/40 MP: 4/4
  1461 | D:3      | Reached XP level 5. HP: 13/46 MP: 5/5
  2170 | D:3      | Slain by an orc wizard

Skill      XL: |  1  2  3  4  5 |
---------------+----------------+-----
Fighting       | 4 |  4.3
Long Blades    | 3 4 |  4.4
Armour         | 4 |  4.3
Shields        | 4 |  4.6

Action                   |  1- 3 |  4- 6 || total
-------------------------+-------+-------++-------
Melee: Long sword        |   101 |   139 ||   240
  Use: Potion            |       |     3 ||     3
  Eat: Chunk             |       |     3 ||     3
Armor: Scale mail        |    50 |    62 ||   112
Dodge: Dodged            |    29 |    36 ||    65
Block: Shield            |    49 |    55 ||   104
       Rpst.: Long sword |    10 |    13 ||    23
